 Dungeon Crawl Stone Soup version 0.23-a0-839-g6d2b917 (console) character file.

116 bli the Covered (level 5, -2/42 HPs)
             Began as a Barachi Fighter on Jan 25, 2019.
             Asphyxiated
             ... on level 3 of the Dungeon.
             The game lasted 00:08:04 (2236 turns).

bli the Covered (Barachi Fighter)                   Turns: 2236, Time: 00:08:05

Health: -2/42      AC:  7    Str: 17    XL:     5   Next: 0%
Magic:  5/5        EV:  7    Int:  9    God:
Gold:   133        SH:  9    Dex: 12    Spells: 4/4 levels left

rFire    . . .     SeeInvis .   a - +0 long sword
rCold    . . .     Gourm    .   c - +0 shield
rNeg     . . .     Faith    .   b - +0 scale mail
rPois    .         Spirit   .   (no helmet)
rElec    .         Reflect  .   (no cloak)
rCorr    .         Harm     .   (no gloves)
MR       .....                  (no boots)
Stlth    ..........             (no amulet)
HPRegen  0.14/turn              p - ring of wizardry
MPRegen  0.09/turn              n - ring of flight

@: lethally poisoned (-2 -> -59), slowed, very slow
A: +LOS, swims, slowness 1, strong legs 1
a: Hop, Evoke Flight


You were on level 3 of the Dungeon.
You were hungry.

You visited 1 branch of the dungeon, and saw 3 of its levels.

You collected 133 gold pieces.

Inventory:

Hand Weapons
 a - a +0 long sword (weapon)
 j - a +0 hunting sling
Missiles
 k - 16 sling bullets
 m - 61 stones (quivered)
Armour
 b - a +0 scale mail (worn)
 c - a +0 shield (worn)
 e - a +0 cloak
 v - a +0 chain mail
Magical Staves
 o - an uncursed staff of fire {unknown}
Jewellery
 h - an uncursed ring of fire
 n - a ring of flight (right hand)
 p - a ring of wizardry (left hand)
 q - an uncursed ring of wizardry
Wands
 r - a wand of polymorph (10)
Scrolls
 g - 2 scrolls of enchant armour {unknown}
 u - a scroll of identify {unknown}
Potions
 d - 2 potions of might
 i - 2 potions of curing {unknown}
 l - a potion of lignification {unknown}
 t - a potion of brilliance {unknown}
Comestibles
 f - 4 rations


   Skills:
 + Level 4.1 Fighting
 * Level 4.2 Long Blades
 + Level 4.6 Armour
 * Level 3.9 Shields


You had 4 spell levels left.
You didn't know any spells.
Your spell library was empty.

Dungeon Overview and Level Annotations

Branches:
Dungeon (3/15)

Altars:
Trog
Zin


Innate Abilities, Weirdness & Mutations

Shadows flee at your approach. (+LOS)
You can swim through water.
You cover ground slowly.
You can hop short distances.


Message History

You feel very sick.
The kobold shoots a curare-tipped needle.
The curare-tipped needle hits you.
You are more poisoned.
You have difficulty breathing.
You feel as though you will be slow longer.
The kobold shoots a curare-tipped needle.
The curare-tipped needle hits you.
You are more poisoned.
You have difficulty breathing.
You feel as though you will be slow longer.
Things that are here:
a curare-tipped needle; a +0 club
* * * LOW HITPOINT WARNING * * *
You feel very sick.
The kobold shoots a curare-tipped needle.
The curare-tipped needle hits you.
You are more poisoned.
You have difficulty breathing.
You die...

..# #.# #.# #.#
#.# #.# #K# #.#
#@# #(#
##############.#
#..............#
###.##############
..#.# #.#.# #.#.#
.#..# #.### #.#


You could see a kobold.

Vanquished Creatures
  An orc wizard (D:3)
  A worm (D:2)
  4 dart slugs
  A leopard gecko (D:1)
  6 orcs (D:3)
  5 bats
  2 giant cockroaches (D:1)
  3 goblins
  5 hobgoblins
  18 jackals
  2 quokkas
  A ball python (D:2)
  8 kobolds
  8 rats
65 creatures vanquished.

Notes
Turn   | Place    | Note
-------+----------+-------------------------------------------
     0 | D:1      | bli the Barachi Fighter began the quest for the Orb.
     0 | D:1      | Reached XP level 1. HP: 18/18 MP: 1/1
    29 | D:1      | Reached XP level 2. HP: 5/25 MP: 2/2
   516 | D:1      | Reached XP level 3. HP: 22/30 MP: 3/3
  1408 | D:2      | Found a glowing silver altar of Zin.
  1524 | D:2      | Reached XP level 4. HP: 37/37 MP: 4/4
  1878 | D:3      | Found a bloodstained altar of Trog.
  2234 | D:3      | Reached XP level 5. HP: 42/42 MP: 5/5
  2236 | D:3      | Asphyxiated

Vault maps used:
D:1:      giann_bridges
D:2:      marbit_many_paths, first_ration
D:3:      overflow_temple_1_default, nemelex_xobeh_ov_fountains_minmay,
          hellmonk_ghost_happy_afterlife

Skill      XL: |  1  2  3  4 |
---------------+-------------+-----
Armour         | 4 |  4.6
Fighting       | 4 |  4.1
Long Blades    | 3 4 |  4.2
Shields        | |  3.9

Action                   |  1- 3 |  4- 6 || total
-------------------------+-------+-------++-------
Melee: Long sword        |   152 |    74 ||   226
Throw: Stone             |       |     3 ||     3
  Eat: Chunk             |     2 |     3 ||     5
Armor: Scale mail        |    82 |    35 ||   117
Dodge: Dodged            |    39 |    21 ||    60
Block: Shield            |    84 |    34 ||   118
       Rpst.: Long sword |    15 |     5 ||    20

Table legend:
 A = Non-vault XP
 B = Vault XP
 C = Vault XP percentage of total XP
 D = Non-vault monster count
 E = Vault monster count
 F = Vault count percentage of total count
                 A         B        C        D         E       F
            +---------+---------+-------+---------+---------+-------
      Total |     165 |       1 |   0.6 |      64 |       1 |   1.5
            +---------+---------+-------+---------+---------+-------
        D:1 |      63 |       0 |   0.0 |      33 |       0 |   0.0
        D:2 |      28 |       1 |   3.4 |      13 |       1 |   7.1
        D:3 |      74 |       0 |   0.0 |      18 |       0 |   0.0
            +---------+---------+-------+---------+---------+-------
